 Dungeon Crawl Stone Soup version 0.26-a0-784-g51bffae0b1 (webtiles) character file.

Game seed: 3131495731839565164

2552 Kinoniko the Blocker (level 9, -3/74 HPs)
             Began as a Gnoll Fighter on Nov 10, 2020.
             Was a Believer of the Shining One.
             Slain by a white ugly thing (24 damage)
             ... on level 10 of the Dungeon.
             The game lasted 00:08:41 (6655 turns).

Kinoniko the Blocker (Gnoll Fighter)                Turns: 6655, Time: 00:08:41

Health: -3/74      AC: 11    Str: 19    XL:     9   Next: 56%
Magic:  24/24      EV: 12    Int: 12    God:    the Shining One [**....]
Gold:   229        SH:  0    Dex: 16    Spells: 16/16 levels left

rFire    + . .     SeeInvis .   e - +4 halberd (vorpal)
rCold    . . .     Faith    .   (shield currently unavailable)
rNeg     + . .     Spirit   .   b - +0 scale mail
rPois    .         Reflect  .   (no helmet)
rElec    .         Harm     .   g - +2 cloak
rCorr    .         Rampage  .   (no gloves)
MR       .....                  (no boots)
Stlth    +.........             d - amulet of regeneration
HPRegen  0.62/turn              y - ring of magical power
MPRegen  0.19/turn              w - ring of protection from fire

@: glowing
A: distributed training, fangs 1, strong nose
a: Divine Shield, Renounce Religion


You were on level 10 of the Dungeon.
You worshipped the Shining One.
The Shining One was pleased with you.
You visited 2 branches of the dungeon, and saw 9 of its levels.
You also visited: Sewer.

You collected 229 gold pieces.

Inventory:

Hand Weapons
 a - a +0 long sword
 e - a +4 vorpal halberd (weapon)
 r - a +3 rapier
Armour
 b - a +0 scale mail (worn)
 c - a +0 kite shield
 g - a +2 cloak (worn)
Jewellery
 d - an amulet of regeneration (around neck)
 w - a ring of protection from fire (right hand)
 y - a ring of magical power (left hand)
Wands
 f - a wand of polymorph (3)
Scrolls
 h - a scroll of fear
 k - 4 scrolls of teleportation
 q - 4 scrolls of remove curse
 x - a scroll of magic mapping
Potions
 i - 2 potions of curing
 n - 3 potions of brilliance
 o - a potion of invisibility
 p - 3 potions of lignification
 s - a potion of degeneration
 t - a potion of berserk rage
 v - a potion of heal wounds {unknown}
 z - 2 potions of attraction {unknown}
 A - 2 potions of flight {unknown}
 B - a potion of magic {unknown}
 C - a potion of haste {unknown}


   Skills:
 + Level 8.0 Fighting
 + Level 4.3 Short Blades
 + Level 6.4 Long Blades
 + Level 4.3 Axes
 + Level 4.3 Maces & Flails
 + Level 4.3 Polearms
 + Level 4.3 Staves
 + Level 4.3 Slings
 + Level 4.3 Bows
 + Level 4.3 Crossbows
 + Level 4.3 Throwing
 + Level 8.0 Armour
 + Level 4.3 Dodging
 + Level 4.3 Stealth
 + Level 8.0 Shields
 + Level 4.3 Unarmed Combat
 + Level 4.3 Spellcasting
 + Level 3.6 Conjurations
 + Level 3.6 Hexes
 + Level 3.6 Summonings
 + Level 3.6 Necromancy
 + Level 3.6 Translocations
 + Level 3.6 Transmutations
 + Level 3.6 Fire Magic
 + Level 3.6 Ice Magic
 + Level 3.6 Air Magic
 + Level 3.6 Earth Magic
 + Level 3.6 Poison Magic
 + Level 4.8 Invocations
 + Level 4.3 Evocations


You had 16 spell levels left.
You didn't know any spells.
Your spell library contained the following spells:

 Spells                   Type           Power        Failure   Level
 Animate Skeleton         Necr           ##....       13%         1
 Corona                   Hex            ##.....      13%         1
 Foxfire                  Conj/Fire      ##..         13%         1
 Pain                     Necr           ##..         13%         1
 Ensorcelled Hibernation  Hex/Ice        ##....       19%         2
 Confusing Touch          Hex            ##......     36%         3
 Conjure Flame            Conj/Fire      ##......     36%         3
 Dazzling Flash           Conj/Hex       ##....       36%         3
 Inner Flame              Hex/Fire       ##......     36%         3
 Tukima's Dance           Hex            ##......     36%         3
 Vampiric Draining        Necr           ##........   36%         3
 Animate Dead             Necr           ##........   77%         4
 Ice Form                 Ice/Tmut       ##......     77%         4
 Sticky Flame             Conj/Fire      ##......     77%         4
 Agony                    Necr           ##......     98%         5
 Fireball                 Conj/Fire      ##........   98%         5
 Metabolic Englaciation   Hex/Ice        ##........   98%         5
 Freezing Cloud           Conj/Ice/Air   ##........   100%        6
 Ozocubu's Refrigeration  Ice            ##........   100%        6
 Simulacrum               Ice/Necr       ##........   100%        6


Dungeon Overview and Level Annotations

Branches:
Dungeon (7/15)             Temple (1/1) D:4           Sewer (visited)

Altars:
Ashenzari
Cheibriados
Dithmenos
Elyvilon
Fedhas
Gozag
Hepliaklqana
Kikubaaqudgha
Makhleb
Nemelex Xobeh
Okawaru
Ru
Sif Muna
Trog
Uskayaw
Vehumet
Wu Jian
Xom
Yredelemnul
Zin
The Shining One

Shops:
D:4 :**[=


Innate Abilities, Weirdness & Mutations

Your experience applies equally to all skills.
You have very sharp teeth.
Your uncanny sense of smell can sniff out nearby items.


Message History

Found 19 stones and 9 gold pieces.
A sky beast comes into view.
The sky beast flickers out of sight!
Deactivating autopickup; reactivate with Ctrl-A.
A big kobold comes into view.
It is wielding a +1 short sword of venom.
Found 20 gold pieces.
The tengu conjurer casts a spell.
The tengu conjurer blinks!
The sky beast flickers out of sight!
A kobold comes into view.
It is wielding a -1 whip and quivering 4 poisoned darts.
The kobold shouts!
You hear a shout!
The white ugly thing closely misses you.
The kobold moves out of view.
Found 26 arrows.
A big kobold comes into view. It is wielding a +0 short sword.
You puncture the sky beast!
The sky beast is heavily wounded.
The sky beast closely misses you. The white ugly thing engulfs you!
* * * LOW HITPOINT WARNING * * *
The white ugly thing freezes you!!
You die...

. ∆ ..(
###..##############
K.....Y@u.........
###.#####Y#####.##
#.....##...##
#.#.#S#.###.# ∆
..##(##.#...# #.#
#.#S#Q#### ...
.K..##Z./# #.# #.##
##(## .K ∆
$$$$∆#[Zu$$#


You could see a white ugly thing, a guardian serpent, a tengu conjurer, 2 sky
beasts, a big kobold and a worker ant zombie.

Vanquished Creatures
  An unseen horror (D:10)
  Grinder (D:3)
  Purgy (Sewer)
  A phantom (D:5)
  An orc warrior (D:6)
  A sky beast (D:5)
  3 ogres
  2 centaurs (D:6)
  3 bullfrogs (D:6)
  A howler monkey (D:10)
  A bullfrog skeleton (D:6)
  4 hounds
  2 orc priests
  2 jellies
  2 orc wizards
  Ijyb (D:4)
  An iguana (D:5)
  4 worker ants
  A worker ant zombie (D:5)
  8 gnolls
  8 adders
  A river rat (D:3)
  A shadow imp (D:10)
  2 white imps (D:5)
  An ufetubus (D:6)
  5 oozes
  An adder zombie (D:5)
  3 worms
  4 dart slugs
  4 leopard geckos
  17 orcs
  3 giant cockroaches
  7 goblins
  13 hobgoblins
  8 jackals
  11 kobolds
  3 quokkas
  7 ball pythons
  10 bats
  6 frilled lizards
  A jackal skeleton (D:5)
  2 quokka skeletons (D:6)
  12 rats
171 creatures vanquished.

Vanquished Creatures (others)
  A plant (D:4)
1 creature vanquished.

Grand Total: 172 creatures vanquished

Notes
Turn   | Place    | Note
-------+----------+-------------------------------------------
     0 | D:1      | Kinoniko the Gnoll Fighter began the quest for the Orb.
     0 | D:1      | Reached XP level 1. HP: 23/23 MP: 1/1
    40 | D:1      | Reached XP level 2. HP: 3/29 MP: 2/2
   408 | D:1      | Reached XP level 3. HP: 35/35 MP: 3/3
   643 | D:1      | Reached skill level 1 in Invocations
  1087 | D:2      | Reached skill level 1 in Short Blades
  1087 | D:2      | Reached skill level 1 in Axes
  1087 | D:2      | Reached skill level 1 in Maces & Flails
  1087 | D:2      | Reached skill level 1 in Polearms
  1087 | D:2      | Reached skill level 1 in Staves
  1087 | D:2      | Reached skill level 1 in Slings
  1087 | D:2      | Reached skill level 1 in Bows
  1087 | D:2      | Reached skill level 1 in Crossbows
  1087 | D:2      | Reached skill level 1 in Throwing
  1087 | D:2      | Reached skill level 1 in Dodging
  1087 | D:2      | Reached skill level 1 in Stealth
  1087 | D:2      | Reached skill level 1 in Unarmed Combat
  1087 | D:2      | Reached skill level 1 in Spellcasting
  1087 | D:2      | Reached skill level 1 in Evocations
  1087 | D:2      | Reached XP level 4. HP: 41/41 MP: 5/5
  1374 | D:2      | Reached skill level 1 in Conjurations
  1374 | D:2      | Reached skill level 1 in Hexes
  1374 | D:2      | Reached skill level 1 in Summonings
  1374 | D:2      | Reached skill level 1 in Necromancy
  1374 | D:2      | Reached skill level 1 in Translocations
  1374 | D:2      | Reached skill level 1 in Transmutations
  1374 | D:2      | Reached skill level 1 in Fire Magic
  1374 | D:2      | Reached skill level 1 in Ice Magic
  1374 | D:2      | Reached skill level 1 in Air Magic
  1374 | D:2      | Reached skill level 1 in Earth Magic
  1374 | D:2      | Reached skill level 1 in Poison Magic
  1458 | D:2      | Reached XP level 5. HP: 37/47 MP: 5/7
  1999 | D:3      | Found a glowing drain.
  2016 | Sewer    | Entered a sewer
  2068 | Sewer    | Noticed Purgy
  2073 | Sewer    | Killed Purgy
  2073 | Sewer    | Reached XP level 6. HP: 50/53 MP: 8/8
  2307 | D:3      | Noticed Grinder
  2310 | D:3      | Paralysed by Grinder for 6 turns
  2323 | D:3      | Paralysed by Grinder for 3 turns
  2326 | D:3      | Killed Grinder
  2326 | D:3      | Reached skill level 5 in Long Blades
  2326 | D:3      | Reached XP level 7. HP: 23/60 MP: 8/10
  2563 | D:3      | Found a faded altar of an unknown god.
  3155 | D:4      | Noticed Ijyb
  3268 | D:4      | Killed Ijyb
  3272 | D:4      | Found a staircase to the Ecumenical Temple.
  3305 | D:4      | Found Babbiger's Book Boutique.
  3308 | Temple   | Entered the Ecumenical Temple
  3574 | Temple   | Became a worshipper of the Shining One
  3871 | D:4      | Found a sacrificial altar of Ru.
  3929 | D:4      | Found Runk's Armour Shoppe.
  3933 | D:4      | Found Okhit's General Store.
  4073 | D:4      | Found Gumishri's General Store.
  4194 | D:4      | Found Kanly's Jewellery Shop.
  4339 | D:5      | Entered Level 5 of the Dungeon
  4444 | D:5      | Reached XP level 8. HP: 60/67 MP: 12/12
  4773 | D:5      | Reached * piety under the Shining One
  5833 | D:6      | Reached ** piety under the Shining One
  5856 | D:6      | Reached XP level 9. HP: 16/72 MP: 14/14
  6163 | D:6      | Found an iron altar of Okawaru.
  6183 | D:6      | Found a shimmering blue altar of Sif Muna.
  6184 | D:6      | Found a basalt altar of Yredelemnul.
  6186 | D:6      | Found a hide-covered altar of Uskayaw.
  6304 | D:6      | Found a sparkling altar of Nemelex Xobeh.
  6421 | D:6      | Found a shadowy altar of Dithmenos.
  6522 | D:7      | You fall into a shaft and drop 3 floors!
  6522 | D:10     | Entered Level 10 of the Dungeon
  6523 | D:10     | Noticed an unseen horror
  6533 | D:10     | Killed an unseen horror
  6646 | D:10     | Noticed a tengu conjurer
  6646 | D:10     | Noticed a cyclops
  6646 | D:10     | Noticed a white ugly thing
  6646 | D:10     | Noticed a cyclops
  6646 | D:10     | Noticed a cyan ugly thing
  6646 | D:10     | Noticed a purple ugly thing
  6649 | D:10     | Noticed a guardian serpent
  6655 | D:10     | Slain by a white ugly thing

Illustrated notes

Levels and vault maps discovered:
D:1:      shiori_arrival_maze, layout_basic, minmay_box_of_dots
D:2:      layout_basic, grunt_ministairs_7
D:3:      layout_loops_ring, portal_sewer_entry_e,
          chequers_ecumenical_altar_island, uniq_grinder
D:4:      layout_basic, old_standard_altar, minmay_temple_entry_gardened_gates,
          serial_shops, nicolae_shop_trees, shop, shop,
          nicolae_shop_window_shopping, shop_fountains, uniq_ijyb
D:5:      cheibrodos_quashed, layout_cave_pods, kennysheep_cross_room
D:6:      layout_rooms, nicolae_dithmenos_through_a_glass_darkly, minitemple,
          nicolae_overflow_hidden_temple
D:7:      layout_gridville
D:10:     minmay_the_grid_square_5x5_4x4
          [minmay_the_grid_square_5x5_eight_small,
          minmay_the_grid_square_5x5_two, minmay_the_grid_square_5x5_inner_z,
          minmay_the_grid_square_5x5_intrusive_squares,
          minmay_the_grid_square_5x5_spiral_small,
          minmay_the_grid_square_5x5_prize_snowflake,
          minmay_the_grid_square_5x5_prize_rear_guard,
          minmay_the_grid_square_5x5_two_small,
          minmay_the_grid_square_5x5_two_walls_a,
          minmay_the_grid_square_5x5_prize_junk,
          minmay_the_grid_square_5x5_prize_gold,
          minmay_the_grid_square_5x5_three_small,
          minmay_the_grid_square_5x5_checkered_statues,
          minmay_the_grid_square_5x5_six_small,
          minmay_the_grid_square_5x5_bracketed,
          minmay_the_grid_square_5x5_checkered_sparse], layout_basic,
          david_orc_2, uniq_erica
Temple:   dpeg_chambers_temple

Skill      XL: |  1  2  3  4  5  6  7  8  9 |
---------------+----------------------------+-----
Invocations    | 1 2 3 4 |  4.8
Short Blades   | 1 2 3 4 |  4.3
Axes           | 1 2 3 4 |  4.3
Maces & Flails | 1 2 3 4 |  4.3
Polearms       | 1 2 3 4 |  4.3
Staves         | 1 2 3 4 |  4.3
Slings         | 1 2 3 4 |  4.3
Bows           | 1 2 3 4 |  4.3
Crossbows      | 1 2 3 4 |  4.3
Throwing       | 1 2 3 4 |  4.3
Dodging        | 1 2 3 4 |  4.3
Stealth        | 1 2 3 4 |  4.3
Unarmed Combat | 1 2 3 4 |  4.3
Spellcasting   | 1 2 3 4 |  4.3
Evocations     | 1 2 3 4 |  4.3
Conjurations   | 1 2 3 |  3.6
Hexes          | 1 2 3 |  3.6
Summonings     | 1 2 3 |  3.6
Necromancy     | 1 2 3 |  3.6
Translocations | 1 2 3 |  3.6
Transmutations | 1 2 3 |  3.6
Fire Magic     | 1 2 3 |  3.6
Ice Magic      | 1 2 3 |  3.6
Air Magic      | 1 2 3 |  3.6
Earth Magic    | 1 2 3 |  3.6
Poison Magic   | 1 2 3 |  3.6
Fighting       | 7 8 |  8.0
Long Blades    | 5 6 |  6.4
Armour         | 7 8 |  8.0
Shields        | 7 8 |  8.0

Action                   |  1- 3 |  4- 6 |  7- 9 || total
-------------------------+-------+-------+-------++-------
Melee: Long sword        |    15 |       |       ||    15
       Bite              |     7 |     9 |    24 ||    40
       Halberd           |    56 |   154 |   278 ||   488
       Unarmed           |       |       |    15 ||    15
  Use: Scroll            |       |     6 |     9 ||    15
       Potion            |       |     2 |     5 ||     7
Armor: Scale mail        |    32 |    92 |   168 ||   292
Dodge: Dodged            |    31 |    99 |   232 ||   362
Block: Kite shield       |    11 |       |       ||    11

Table legend: (Time is in decaauts)
 A = Elapsed time spent in this place.
 B = Non-inter-level travel time spent in this place.
 C = Inter-level travel time spent in this place.
 D = Time resting spent in this place.
 E = Time spent auto-exploring this place.
 F = Levels seen in this place.
 G = Mean time per level.
                   A        B        C        D        E       F      G
               +--------+--------+--------+--------+--------+-----+--------+
         Total |   6905 |   6614 |    291 |   1421 |   3867 |  10 |  690.5 |
       Dungeon |   6367 |   6076 |    291 |   1421 |   3503 |   8 |  795.9 |
        Temple |    284 |    284 |      0 |      0 |    229 |   1 |  284.0 |
         Sewer |    253 |    253 |      0 |      0 |    135 |   1 |  253.0 |
               +--------+--------+--------+--------+--------+-----+--------+

Top non-repeatable levels by time:
     D:5: 1281 daAuts
     D:3: 1275 daAuts
     D:1: 1059 daAuts
     D:6: 953 daAuts
     D:2: 831 daAuts
     D:4: 822 daAuts
  Temple: 284 daAuts
   Sewer: 253 daAuts
    D:10: 137 daAuts
     D:7: 5 daAuts
